 Dungeon Crawl Stone Soup version 0.30-a0-722-g3e6e8c874d (webtiles) character file.

Game seed: 15882293877070398513

35 Dittersdorf the Shield-Bearer (level 3, -14/24 HPs)
             Began as a Gargoyle Fighter on Jan 27, 2023.
             Demolished by an ogre
             ... wielding a +0 giant spiked club
              (20 damage)
             ... on level 4 of the Dungeon.
             The game lasted 00:01:14 (886 turns).

Dittersdorf the Shield-Bearer (Gargoyle Fighter)     Turns: 886, Time: 00:01:14

Health: -14/24     AC: 11    Str: 21    XL:     3   Next: 35%
Magic:  3/3        EV:  9    Int:  8    God:
Gold:   40         SH:  9    Dex:  9    Spells: 2/2 levels left

rFire   . . .      SeeInvis +    a - +0 flail
rCold   . . .      Faith    .    c - +0 buckler
rNeg    + . .      Spirit   .    b - +0 scale mail
rPois   ∞          Reflect  +    (no helmet)
rElec   +          Harm     .    (no cloak)
rCorr   .          Rampage  .    m - +0 pair of gloves
Will    .....                    (no boots) Stlth
                                 e - amulet of reflection
HPRegen 0.24/turn                j - ring of see invisible
MPRegen 0.08/turn                (no ring)

@: mighty
A: sickness immunity, AC +3, negative energy resistance 1, electricity
resistance, torment resistance 1, petrification resistance
a: no special abilities


You were on level 4 of the Dungeon.
You visited 1 branch of the dungeon, and saw 3 of its levels.

You collected 40 gold pieces.

Inventory:

Hand Weapons
 a - a +0 flail (weapon)
Armour
 b - a +0 scale mail (worn)
 c - a +0 buckler (worn)
 m - a +0 pair of gloves (worn)
Jewellery
 e - an amulet of reflection (around neck)
 h - a ring of ice
 j - a ring of see invisible (left hand)
Scrolls
 g - a scroll of vulnerability {unknown}
 i - 3 scrolls of teleportation {unknown}
 k - 2 scrolls of identify {unknown}
 l - a scroll of enchant armour {unknown}
 n - 2 scrolls of noise {unknown}
 o - a scroll of blinking {unknown}
Potions
 f - a potion of magic {unknown}
 p - a potion of curing {unknown}


   Skills:
 + Level 3.7 Fighting
 + Level 2.5 Maces & Flails
 + Level 3.7 Armour
 + Level 3.7 Shields


You had 2 spell levels left.
You didn't know any spells.
Your spell library contained the following spells:

 Spells                   Type           Power      Damage    Failure   Level
 Lesser Beckoning         Tloc           0%         N/A       93%         2
 Poisonous Vapours        Pois/Air       0%         N/A       93%         2
 Gell's Gravitas          Tloc           0%         N/A       99%         3
 Inner Flame              Hex/Fire       0%         N/A       99%         3
 Mephitic Cloud           Conj/Pois/Air  0%         N/A       99%         3
 Teleport Other           Tloc           0%         N/A       99%         3
 Cause Fear               Hex            0%         N/A       100%        4
 Dispel Undead            Necr           0%         3d6       100%        4
 Death Channel            Necr           0%         N/A       100%        6
 Malign Gateway           Summ/Tloc      0%         N/A       100%        7
 Discord                  Hex            0%         N/A       100%        8
 Summon Horrible Things   Summ           0%         N/A       100%        8
 Cigotuvi's Dreadful Rot  Necr/Pois/Air  Unusable   N/A       N/A         2

Dungeon Overview and Level Annotations

Branches:
Dungeon (2/15)

Altars:
Xom


Innate Abilities, Weirdness & Mutations

You are immune to sickness and miasma.
Your stone body is resilient. (AC +3)
You are immune to poison.
You resist negative energy. (rN+)
You are resistant to electric shocks. (rElec)
You are resistant to unholy torment.
You are immune to petrification.


Message History

The adder bites you but does no damage.
You sock the adder!
The adder is severely wounded.
The adder bites you but does no damage. The adder barely misses you.
You closely miss the adder.
The adder is severely wounded.
The adder bites you but does no damage. You block the adder's attack.
You barely miss the adder.
The adder is severely wounded.
The adder bites you.
You miss the adder.
The adder is severely wounded.
You block the adder's attack. The adder bites you but does no damage.
You closely miss the adder.
The adder is severely wounded.
The adder bites you but does no damage. You block the adder's attack.
You closely miss the adder.
The adder is severely wounded.
The adder closely misses you. The adder barely misses you.
You sock the adder!
You kill the adder!
You hit the ogre.
The ogre is lightly wounded.
The ogre barely misses you.
You barely miss the ogre.
The ogre is lightly wounded.
The ogre hits you with a +0 giant spiked club!
You barely miss the ogre.
The ogre is lightly wounded.
You block the ogre's attack.
You hit the ogre.
The ogre is moderately wounded.
The ogre hits you with a +0 giant spiked club!
* * * LOW HITPOINT WARNING * * *
You feel very mighty all of a sudden.
You thump the ogre!
The ogre is heavily wounded.
The ogre hits you with a +0 giant spiked club!!
Ouch! That really hurt!
You die...

... #.# ...#.#
..... #.#.# ...#
### ..#....#
#.#....# #@#....#
#O#....## ##
#.#.....# ...
#.......# ....
##.......# .....
##........#
#...###....#....#
#...†...#..#....#
#.#.########....#


You could see an ogre.

Vanquished Creatures
  An adder (D:4)
  2 ball pythons (D:1)
  2 endoplasms (D:1)
  2 giant cockroaches (D:1)
  3 goblins (D:1)
  4 hobgoblins (D:1)
  2 bats (D:1)
  2 frilled lizards (D:1)
  4 kobolds
  2 rats (D:1)
24 creatures vanquished.

Notes
Turn   | Place    | Note
-------+----------+-------------------------------------------
     0 | D:1      | Dittersdorf the Gargoyle Fighter began the quest for the
                  | Orb.
     0 | D:1      | Reached XP level 1. HP: 14/14 MP: 1/1
    79 | D:1      | Reached XP level 2. HP: 19/19 MP: 2/2
   544 | D:1      | Reached XP level 3. HP: 23/23 MP: 3/3
   740 | D:2      | Found a shimmering altar of Xom.
   852 | D:2      | You fall into a shaft and drop 2 floors!
   853 | D:4      | yay!
   863 | D:4      | Noticed an ogre
   886 | D:4      | Demolished by an ogre

Illustrated notes

..# ### ..#
..# #.#
...# #.#
...#
#.#....##
#.#.....#
#.......#
#@......#
#....?...#
#....#....#
...#..#
...#
########
..# ##


Turn 853 on D:4: yay!

Levels and vault maps discovered:
D:1:      onia_arrival_pyramid, layout_basic, minmay_fountain_box,
          minmay_heptomino_l4
D:2:      layout_loops_cross, basic_ecumenical_altar, basic_altar, serial_shops,
          nicolae_shop_stone, nicolae_shop_competitors_out_of_business
D:4:      layout_rooms, serial_shops, nicolae_shop_crystal, uniq_robin

Action                     || total
---------------------------++-------
  Melee: Flail             ||    65
    Use: Potion            ||     1
 Armour: Scale mail        ||    23
  Dodge: Dodged            ||    21
  Block: Buckler           ||    27

Table legend: (Time is in decaauts)
 A = Elapsed time spent in this place.
 B = Non-inter-level travel time spent in this place.
 C = Inter-level travel time spent in this place.
 D = Time resting spent in this place.
 E = Time spent auto-exploring this place.
 F = Levels seen in this place.
 G = Mean time per level.
                   A        B        C        D        E       F      G
               +--------+--------+--------+--------+--------+-----+--------+
         Total |    905 |    844 |     61 |      0 |    646 |   3 |  301.7 |
       Dungeon |    905 |    844 |     61 |      0 |    646 |   3 |  301.7 |
               +--------+--------+--------+--------+--------+-----+--------+

Top non-repeatable levels by time:
     D:1: 777 daAuts
     D:2: 90 daAuts
     D:4: 37 daAuts
